 Dungeon Crawl Stone Soup version 0.22-a0-609-gfedc9ff (webtiles) character file.

27274 Gildeon the Spear-Bearer (level 13, -1/94 HPs)
             Began as a Centaur Warper on July 10, 2018.
             Was a High Priest of Nemelex Xobeh.
             Slain by a blink frog (9 damage)
             ... on level 5 of the Lair of Beasts.
             The game lasted 02:43:47 (18493 turns).

Gildeon the Spear-Bearer (Centaur Warper)          Turns: 18493, Time: 02:43:48

Health: -1/94      AC: 21    Str: 16    XL:     13   Next: 3%
Magic:  30/30      EV: 10    Int: 19    God:    Nemelex Xobeh [*****.]
Gold:   1005       SH:  0    Dex: 12    Spells: 3/22 levels left

rFire    + + +     SeeInvis +   a - +7 spear "Lifebane" {holy, rF+ Int+2}
rCold    + + .     Gourm    .   (no shield)
rNeg     . . .     Faith    .   m - +7 ring mail of the Orb {+Fly rF+ rC+ Regen+}
rPois    +         Spirit   .   w - +3 hat of Pondering {ponderous, MR+ MP+10 Int+5}
rElec    +         Reflect  .   T - +2 cloak {+Inv}
rCorr    .         Harm     .   J - +0 pair of gloves
MR       +....                  (no barding)
Stlth    ..........             h - amulet of magic regeneration
HPRegen  0.65/turn              p - ring of poison resistance
MPRegen  0.47/turn              F - ring of protection from cold

@: studying Conjurations, quick
A: large, hooves 3, see invisible, deformed body, fire resistance 2, speed 2,
frail 1, electricity resistance, tough skin 3, evolution 1
a: Triple Draw, Deal Four, Stack Five, Renounce Religion, Evoke Invisibility,
Evoke Flight


You were on level 5 of the Lair of Beasts.
You worshipped Nemelex Xobeh.
Nemelex Xobeh was extremely pleased with you.
You were not hungry.

You visited 3 branches of the dungeon, and saw 17 of its levels.
You also visited: Sewer and Volcano.

You collected 1005 gold pieces.

Inventory:

Hand Weapons
 a - the +7 spear "Lifebane" (weapon) {holy, rF+ Int+2}
   (You found it on level 6 of the Dungeon)

   It has been blessed by the Shining One to cause great damage to the undead
   and demons.
   It affects your intelligence (+2).
   It protects you from fire.
 b - a +2 trident of venom
 c - a +2 longbow of flaming
 d - a +2 halberd
Missiles
 g - 319 arrows
 t - 123 bolts
 Y - 2 javelins (quivered)
Armour
 i - a +3 leather armour
 m - the +7 ring mail of the Orb (worn) {+Fly rF+ rC+ Regen+}
   (You found it on level 4 of the Dungeon)

   It protects you from fire.
   It protects you from cold.
   It lets you fly.
   It increases your rate of regeneration.
 w - the +3 hat of Pondering (worn) {ponderous, MR+ MP+10 Int+5}
   (You took it off Gastronok on level 1 of the Lair of Beasts)

   It affects your intelligence (+5).
   It affects your resistance to hostile enchantments.
   It affects your magic capacity (+10).
 J - a +0 pair of gloves (worn)
 Q - a +1 leather armour of positive energy
 T - a +2 cloak of invisibility (worn)
 U - +0 ice dragon scales
Jewellery
 h - an amulet of magic regeneration (around neck)
 p - a ring of poison resistance (left hand)
 q - an uncursed ring of ice
 s - an uncursed ring of protection from fire
 F - a ring of protection from cold (right hand)
Wands
 y - a wand of disintegration (7)
 B - a wand of scattershot (4)
 E - a wand of iceblast (21)
 K - a wand of enslavement (14)
 L - a wand of acid (16)
 R - a wand of polymorph (12)
 S - a wand of random effects (19)
Scrolls
 k - 7 scrolls of teleportation
 r - 8 scrolls of remove curse
 D - 2 scrolls of blinking
 O - a scroll of amnesia
 P - a scroll of fog
Potions
 l - 2 potions of resistance
 n - a potion of ambrosia
 o - 5 potions of brilliance
 u - 3 potions of lignification
 z - a potion of cancellation
 A - a potion of heal wounds
 G - 3 potions of haste
 H - 3 potions of curing
 I - 3 potions of mutation
 M - a potion of might
 W - a potion of agility
Books
 C - a manual of Conjurations
Miscellaneous
 e - a legendary deck of destruction
 j - an ornate deck of summoning
 N - an ornate deck of destruction {drawn: 4}
 X - an ornate deck of destruction
 Z - a legendary deck of escape {drawn: 1}
Comestibles
 f - 23 rations


   Skills:
 + Level 7.5 Fighting
 - Level 10.0 Polearms
 - Level 5.2 Bows
   Level 3.1 Crossbows
 - Level 5.0 Throwing
 - Level 5.0 Armour
 - Level 5.0 Dodging
 - Level 5.0 Spellcasting
 - Level 5.0 Conjurations
   Level 3.9 Hexes
 - Level 2.1 Charms
 - Level 3.0 Necromancy
 * Level 8.0 Translocations
 - Level 3.0 Air Magic
 - Level 3.0 Poison Magic
 + Level 3.4 Invocations
 - Level 2.0 Evocations


You had 3 spell levels left.
You knew the following spells:

 Your Spells              Type           Power        Failure   Level  Hunger
a - Blink                 Tloc           N/A          1%          2    #......
b - Shroud of Golubria    Chrm/Tloc      ###.......   4%          2    #......
c - Gell's Gravitas       Tloc           #####.....   2%          3    ##.....
d - Teleport Other        Tloc           #####...     2%          3    ##.....
e - Lesser Beckoning      Tloc           #####.....   2%          3    ##.....
f - Animate Skeleton      Necr           N/A          6%          1    None
g - Mephitic Cloud        Conj/Pois/Air  ###.....     14%         3    ##.....
h - Poisonous Vapours     Pois/Air       ###...       10%         2    #......

Your spell library contained the following spells:

 Spells                   Type           Power        Failure   Level  Hunger
 Magic Dart               Conj           ###.         2%          1    None
 Fireball                 Conj/Fire      ##........   91%         5    ######.
 Conjure Flame            Conj/Fire      ##......     24%         3    ##.....
 Bolt of Fire             Conj/Fire      ##........   100%        6    #######
 Confuse                  Hex            ###.....     13%         3    ##.....
 Freezing Cloud           Conj/Ice/Air   ##........   100%        6    #######
 Ring of Flames           Chrm/Fire      #.........   100%        7    #######
 Bolt of Draining         Conj/Necr      ###.......   75%         5    ######.
 Animate Dead             Necr           N/A          54%         4    ####...
 Pain                     Necr           ###.         6%          1    None
 Vampiric Draining        Necr           ###.......   19%         3    ##.....
 Regeneration             Chrm/Necr      ##........   22%         3    ##.....
 Stone Arrow              Conj/Erth      ##....       24%         3    ##.....
 Throw Icicle             Conj/Ice       ##......     61%         4    ####...
 Confusing Touch          Hex            ###...       4%          1    None
 Ignite Poison            Fire/Tmut/Pois #.......     41%         3    ##.....
 Metabolic Englaciation   Hex/Ice        ##........   95%         5    ######.
 Petrify                  Tmut/Erth      #.......     91%         4    ####...
 Passage of Golubria      Tloc           N/A          9%          4    ####...
 Iskenderun's Battlesphe  Conj/Chrm      ###.....     80%         5    ######.
 Yara's Violent Unravell  Hex/Tmut       ##........   95%         5    ######.
 Ignition                 Fire           #.........   100%        8    #######


Dungeon Overview and Level Annotations

Branches:
Dungeon (11/15)            Temple (1/1) D:5            Lair (5/6) D:11
  Swamp (0/4) Lair:3        Snake (0/4) Lair:2        Slime (0/5) Lair:5
    Orc (0/2) D:9

Altars:
Ashenzari
Cheibriados
Dithmenos
Elyvilon
Fedhas
Gozag
Hepliaklqana
Kikubaaqudgha
Makhleb
Nemelex Xobeh
Okawaru
Qazlal
Ru
Sif Muna
Trog
Uskayaw
Vehumet
Wu Jian
Xom
Yredelemnul
Zin
The Shining One

Shops:
D:6 *

Annotations:
Lair:2 1 runed door, Cuyts's ghost, journeyman DsGl


Innate Abilities, Weirdness & Mutations

You have hooves in place of feet.
Armour fits poorly on your strangely shaped body.
You cover ground very quickly.
You have extremely tough skin. (AC +3)
You have supernaturally acute eyesight. (SInv)
Your flesh is very heat resistant. (rF++)
You are frail. (-10% HP)
You are resistant to electric shocks. (rElec)
You evolve.


Message History

You puncture the blink frog!
The blink frog is severely wounded.
The blink frog blinks!
The blink frog hits you.
* * * LOW HITPOINT WARNING * * *
The blink frog blinks!
The blink frog hits you.
* * * LOW HITPOINT WARNING * * *
You miss the blink frog.
The blink frog is severely wounded.
The blink frog hits you but does no damage.
You barely miss the blink frog.
You kill the blink frog!
Your Translocations skill increases to level 8!
The blink frog hits you!
* * * LOW HITPOINT WARNING * * *
The blink frog blinks! x2
Things that are here:
a blink frog corpse; a spiny frog corpse The blink frog hits you!
You die...
Your body glows with a rainbow of weird colours and disappears.

***** #** ### *## **** ***
,,*,*##.##### ##.###.##*,,*****,,
**,###....P.###F@†..§P#.P.**,*,,,
,,,.......<.F.F.§.§.......,,,,,,*
,,,......##.....##........*,,,,,,
,,,....P**#...####....P.(.,,,**,*
,,*.#..** #...P#*##...#...,,*,*,*
,,,#..,,* ##+..P#**..##*..,,,,,,,
,,,..,,** *,...##*,..#*,,.,,,**,,
,,*.,,,,***,....**,..#*,,,,,,**,*
≈,≈,≈,,,,**.#.P##*,..(*,,,,,,,*,,


You could see 3 blink frogs.

Vanquished Creatures
  Gastronok (Lair:1)
  A great orb of eyes (Lair:2)
  Fannar (D:10)
  Erica (Lair:1)
  2 two-headed ogres (Volcano)
  2 ugly things
  A manticore (D:11)
  A salamander (Volcano)
  3 elephants (Lair:3)
  Maurice (D:11)
  5 spiny frogs
  A rime drake (Lair:4)
  2 komodo dragons
  A kobold demonologist (D:9)
  A troll (D:9)
  A hornet (D:11)
  2 blink frogs (Lair:5)
  A slime creature (D:11)
  5 hippogriffs
  2 fire bats (Volcano)
  13 yaks
  2 wyverns
  A steam dragon (Lair:3)
  A hungry ghost (D:10)
  A naga (Lair:2)
  3 water moccasins
  3 hell hounds
  4 porcupines
  3 orc warriors
  A swamp drake (Lair:1)
  A hornet zombie (D:9)
  3 phantoms
  A black bear (D:11)
  A sky beast (D:7)
  An eye of draining (D:10)
  10 ogres
  4 wolves
  13 centaurs
  2 crocodiles
  A big kobold (D:4)
  12 bullfrogs
  A gnoll sergeant (D:10)
  6 scorpions
  A wyvern skeleton (D:10)
  13 killer bees
  A wight (D:8)
  5 electric eels
  8 howler monkeys
  4 crimson imps
  A bullfrog zombie (D:8)
  10 hounds
  A centaur zombie (D:10)
  19 orc priests
  Crazy Yiuf (D:2)
  3 centaur skeletons
  5 jellies
  12 orc wizards
  4 bullfrog skeletons
  An iguana (D:9)
  Natasha (thrice) (D:4)
  7 worker ants
  A killer bee zombie (D:6)
  A hound skeleton (D:11)
  10 gnolls
  3 howler monkey skeletons
  7 adders
  6 shadow imps
  3 white imps (Lair:4)
  21 oozes
  6 adder skeletons
  3 worms
  3 dart slugs (D:1)
  18 leopard geckos
  58 orcs
  8 bats
  18 giant cockroaches
  2 goblins
  5 hobgoblins
  11 jackals
  7 kobolds
  4 quokkas
  10 ball pythons (Sewer)
  25 frilled lizards
  2 jackal skeletons
  A jackal zombie (D:5)
  A leopard gecko skeleton (D:4)
  2 quokka skeletons
  A quokka zombie (D:9)
  8 rats
  2 fungi (Lair:4)
  A plant (Lair:3)
470 creatures vanquished.

Vanquished Creatures (collateral kills)
  An ice dragon (Lair:4)
  Nergalle (D:11)
  An ugly thing (D:11)
  2 elephants (Lair:3)
  A spiny frog (Lair:3)
  A komodo dragon (Lair:3)
  A wyvern (D:11)
  3 yaks (D:11)
  An orc warrior (D:9)
  A swamp drake (Lair:3)
  A boggart (Lair:2)
  A crocodile (Lair:4)
  4 killer bees (D:11)
  3 wights (D:8)
  A crimson imp (D:5)
  3 orc priests
  A hound (D:11)
  4 orc wizards
  A worker ant (D:6)
  A hound zombie (D:8)
  A leopard gecko (D:9)
  5 orcs
  A fungus (Lair:3)
  2 plants (Lair:3)
42 creatures vanquished.

Vanquished Creatures (others)
  An elephant (Lair:3)
  2 hippogriffs
  An orc (D:11)
  3 fungi
  5 plants (Lair:3)
12 creatures vanquished.

Grand Total: 524 creatures vanquished

Notes
Turn   | Place    | Note
-------+----------+-------------------------------------------
     0 | D:1      | Gildeon the Centaur Warper began the quest for the Orb.
     0 | D:1      | Reached XP level 1. HP: 17/17 MP: 3/3
   163 | D:1      | Reached skill level 2 in Polearms
   254 | D:1      | Reached XP level 2. HP: 21/24 MP: 4/4
  1261 | D:2      | Reached XP level 3. HP: 30/30 MP: 5/5
  1265 | D:2      | Learned a level 2 spell: Blink
  1524 | D:2      | Found a runed door.
  1865 | D:2      | Reached skill level 3 in Polearms
  2250 | D:2      | Reached XP level 4. HP: 23/37 MP: 6/6
  3078 | D:3      | Gained mutation: You have sharp fingernails. [potion of mutation]
  3078 | D:3      | Gained mutation: You are partially covered in slimy green scales. (AC +2) [potion of mutation]
  3129 | D:3      | Found a burning altar of Makhleb.
  3381 | D:3      | Reached XP level 5. HP: 45/45 MP: 7/7
  3425 | D:4      | Got a dazzling ring mail
  3457 | D:4      | Identified the +7 ring mail of the Orb {+Fly rF+ rC+ Regen+} (You found it on level 4 of the Dungeon)
  3509 | D:4      | Noticed a phantom
  3576 | D:4      | Killed a phantom
  3576 | D:4      | Reached skill level 4 in Polearms
  3663 | D:4      | Reached XP level 6. HP: 51/51 MP: 8/8
  3839 | D:4      | Found a glowing drain.
  3864 | Sewer    | Entered a sewer
  4228 | Sewer    | Reached skill level 5 in Polearms
  4228 | Sewer    | Reached XP level 7. HP: 30/59 MP: 9/9
  4318 | D:4      | Learned a level 2 spell: Shroud of Golubria
  4322 | D:4      | Learned a level 3 spell: Gell's Gravitas
  4466 | D:4      | Noticed Natasha
  4479 | D:4      | Killed Natasha
  4497 | D:4      | Noticed Natasha
  4503 | D:4      | Killed Natasha
  4511 | D:4      | Noticed Natasha
  4520 | D:4      | Killed Natasha
  4520 | D:4      | Reached skill level 6 in Polearms
  4553 | D:4      | Learned a level 1 spell: Animate Skeleton
  4800 | D:5      | Entered Level 5 of the Dungeon
  4852 | D:5      | Reached skill level 5 in Throwing
  4852 | D:5      | Reached XP level 8. HP: 44/67 MP: 10/10
  4856 | D:5      | Reached skill level 5 in Fighting
  5488 | D:5      | Reached skill level 7 in Polearms
  5641 | D:5      | Found a staircase to the Ecumenical Temple.
  5647 | Temple   | Entered the Ecumenical Temple
  5680 | Temple   | Became a worshipper of Nemelex Xobeh the Trickster
  5688 | Temple   | Received a gift from Nemelex Xobeh
  6299 | D:6      | Identified 3 scrolls of acquirement
  6400 | D:6      | Found Zin's Purification Station.
  6400 | D:6      | Found a glowing silver altar of Zin.
  6686 | D:6      | Reached * piety under Nemelex Xobeh
  6723 | D:6      | Lost mutation: You are partially covered in slimy green scales. (AC +2) [potion of mutation]
  6723 | D:6      | Lost mutation: You have sharp fingernails. [potion of mutation]
  6723 | D:6      | Gained mutation: You tend to lose your temper in combat. [potion of mutation]
  6723 | D:6      | Gained mutation: You evolve. [potion of mutation]
  6723 | D:6      | Gained mutation: Your flesh is heat resistant. (rF+) [potion of mutation]
  6723 | D:6      | Gained mutation: You passively map a small area around you. [potion of mutation]
  6748 | D:6      | Lost mutation: You passively map a small area around you. [potion of mutation]
  6748 | D:6      | Lost mutation: You tend to lose your temper in combat. [potion of mutation]
  6748 | D:6      | Gained mutation: You occasionally shout uncontrollably at your foes. [potion of mutation]
  6748 | D:6      | Gained mutation: You have supernaturally acute eyesight. (SInv) [potion of mutation]
  6840 | D:6      | Reached XP level 9. HP: 66/74 MP: 13/13
  6920 | D:6      | Reached skill level 8 in Polearms
  7189 | D:6      | Got a crystal spear
  7190 | D:6      | Identified the +7 spear "Lifebane" {holy, rF+ Int+2} (You found it on level 6 of the Dungeon)
  7269 | D:6      | Received a gift from Nemelex Xobeh
  7336 | D:6      | Noticed an ice devil
  7527 | D:6      | Gained mutation: Your flesh is very heat resistant. (rF++) [evolution]
  7791 | D:7      | Found an ornate altar of the Wu Jian Council.
  7793 | D:7      | Found a stormy altar of Qazlal.
  8119 | D:7      | Reached skill level 9 in Polearms
  8443 | D:7      | HP: 2/74 [orc priest/divine providence (11)]
  8452 | D:7      | HP: 3/74 [centaur/arrow (3)]
  8872 | D:8      | Reached XP level 10. HP: 69/81 MP: 16/16
  8877 | D:8      | Learned a level 3 spell: Lesser Beckoning
  8881 | D:8      | Learned a level 3 spell: Teleport Other
  9096 | D:8      | Noticed a green ugly thing
  9114 | D:8      | Killed a green ugly thing
  9476 | D:8      | Reached ** piety under Nemelex Xobeh
  9501 | D:8      | Reached skill level 10 in Polearms
  9801 | D:9      | Reached skill level 1 in Bows
  9801 | D:9      | Reached skill level 1 in Armour
  9846 | D:9      | Learned a level 3 spell: Mephitic Cloud
 10213 | D:9      | Received a gift from Nemelex Xobeh
 10235 | D:9      | Reached skill level 5 in Dodging
 10265 | D:9      | Reached skill level 5 in Spellcasting
 10332 | D:9      | Reached skill level 1 in Invocations
 10515 | D:9      | Found a staircase to the Orcish Mines.
 10666 | D:9      | Reached skill level 1 in Charms
 10711 | D:9      | Reached skill level 1 in Necromancy
 10720 | D:9      | Learned a level 1 spell: Confusing Touch
 10978 | D:9      | Lost mutation: You occasionally shout uncontrollably at your foes. [evolution]
 11242 | D:2      | Received a gift from Nemelex Xobeh
 11242 | D:2      | Noticed Crazy Yiuf
 11247 | D:2      | Killed Crazy Yiuf
 11522 | D:10     | Entered Level 10 of the Dungeon
 11542 | D:10     | Reached skill level 1 in Conjurations
 11837 | D:10     | Reached skill level 1 in Poison Magic
 11837 | D:10     | Reached skill level 1 in Evocations
 11845 | D:10     | Reached skill level 1 in Hexes
 11845 | D:10     | Reached skill level 1 in Air Magic
 11845 | D:10     | Reached XP level 11. HP: 73/86 MP: 18/18
 12029 | D:10     | Identified the Incunabulum of Attacks (You acquired it on level 10 of the Dungeon)
 12401 | D:10     | Noticed Fannar
 12465 | D:10     | Killed Fannar
 12601 | D:11     | Noticed a purple ugly thing
 12634 | D:11     | Killed a purple ugly thing
 12785 | D:11     | Reached *** piety under Nemelex Xobeh
 12785 | D:11     | Received a gift from Nemelex Xobeh
 12969 | D:11     | Noticed a purple ugly thing
 12982 | D:11     | Noticed Nergalle
 12987 | D:11     | Killed a purple ugly thing
 12987 | D:11     | Reached skill level 5 in Translocations
 13015 | D:11     | Killed Nergalle
 13190 | D:11     | Noticed Maurice
 13627 | D:11     | Killed Maurice
 13627 | D:11     | Reached skill level 1 in Crossbows
 13648 | D:11     | Learned a level 2 spell: Poisonous Vapours
 13815 | D:11     | Found a staircase to the Lair.
 13831 | D:11     | Paralysed by a hornet for 2 turns
 13841 | D:11     | Gained mutation: You are resistant to electric shocks. (rElec) [evolution]
 14483 | Lair:1   | Entered Level 1 of the Lair of Beasts
 14483 | Lair:1   | Noticed Erica
 14503 | Lair:1   | Killed Erica
 14609 | Lair:1   | Noticed Gastronok
 14638 | Lair:1   | Killed Gastronok
 14638 | Lair:1   | Reached XP level 12. HP: 46/95 MP: 19/19
 14691 | Lair:1   | Received a gift from Nemelex Xobeh
 15113 | Lair:1   | Reached **** piety under Nemelex Xobeh
 15332 | Lair:2   | Found a dark tunnel.
 15346 | Volcano  | Entered a volcano
 15355 | Volcano  | Noticed a two-headed ogre
 15369 | Volcano  | Killed a two-headed ogre
 15374 | Volcano  | Noticed a two-headed ogre
 15390 | Volcano  | Killed a two-headed ogre
 15824 | Lair:2   | Reached skill level 5 in Armour
 15826 | Lair:2   | Found a staircase to the Snake Pit.
 16163 | Lair:2   | Received a gift from Nemelex Xobeh
 16415 | Lair:2   | Noticed an eight-headed hydra
 16419 | Lair:2   | Noticed a great orb of eyes
 16419 | Lair:2   | an eight-headed hydra changed into a great orb of eyes
 16426 | Lair:2   | Killed a great orb of eyes
 16426 | Lair:2   | Reached skill level 5 in Bows
 16450 | Lair:2   | Found a runed door.
 16451 | Lair:2   | Noticed Cuyts's ghost (journeyman DsGl)
 16800 | Lair:3   | Received a gift from Nemelex Xobeh
 16934 | Lair:3   | Reached skill level 5 in Conjurations
 16978 | Lair:3   | Gained mutation: You are frail. (-10% HP) [evolution]
 17141 | Lair:3   | Reached ***** piety under Nemelex Xobeh
 17156 | Lair:3   | Received a gift from Nemelex Xobeh
 17178 | Lair:3   | Found a staircase to the Swamp.
 17798 | Lair:4   | Received a gift from Nemelex Xobeh
 18121 | Lair:4   | Received a gift from Nemelex Xobeh
 18191 | Lair:4   | Noticed an ice dragon
 18197 | Lair:4   | Killed an ice dragon
 18469 | Lair:5   | Reached XP level 13. HP: 89/94 MP: 20/20
 18493 | Lair:5   | Slain by a blink frog

Vault maps used:
D:1:      nagdon_arrival_double_spiral
D:2:      st_stairs_12, uniq_crazy_yiuf_cottage
D:3:      makhleb_blood_cavern_becter, first_ration
D:4:      gup_sewer_entry_pipe, kennysheep_nondescript, nicolae_zen_rock_garden,
          lexackson_kobold_supper, uniq_natasha
D:5:      minmay_temple_entry_hall
D:6:      zin_purify, minmay_misc_feat_cross, kennysheep_generic_room_8
D:7:      grunt_temple_overflow_open, minivault_19
D:9:      erik_orc_2
D:10:     uniq_fannar
D:11:     minmay_lair_entry_lava, hangedman_little_slice_of_home, uniq_maurice,
          uniq_nergalle
Temple:   hc_temple_tempest_star
Lair:1:   uniq_erica, uniq_gastronok
Lair:2:   guppyfry_snake_entry_island, nicolae_volcano_entry_lava_flow,
          gammafunk_ghost_grave
Lair:3:   swamp_mist_pool, wad_woods_river_01
Lair:4:   bobbens_ice_dragon_lair, grunt_megastairs_1
Lair:5:   slime_altar_2, nicolae_quartered_pool_little
Sewer:    sewer_frog_island_02
Volcano:  volcano_village

Skill      XL: |  1  2  3  4  5  6  7  8  9 10 11 12 13 |
---------------+----------------------------------------+-----
Polearms       | 2 3 4 5 6 7 9 10 | 10.0
Throwing       | 2 3 4 5 |  5.0
Fighting       | 3 4 5 7 |  7.5
Spellcasting   | 3 4 5 |  5.0
Dodging        | 2 4 5 |  5.0
Bows           | 3 4 5 |  5.2
Armour         | 2 4 5 |  5.0
Translocations | 3 5 7 8 |  8.0
Invocations    | 2 3 |  3.4
Charms         | 1 2 |  2.1
Necromancy     | 1 2 3 |  3.0
Conjurations   | 1 4 5 |  5.0
Poison Magic   | 1 2 3 |  3.0
Evocations     | 1 2 |  2.0
Hexes          | 1 3 |  3.9
Air Magic      | 1 2 3 |  3.0
Crossbows      | 3 |  3.1

Action                   |  1- 3 |  4- 6 |  7- 9 | 10-12 | 13-15 || total
-------------------------+-------+-------+-------+-------+-------++-------
Melee: Spear             |   163 |   352 |   152 |   720 |    20 ||  1407
       Kick              |    22 |    58 |    90 |   226 |     6 ||   402
       Halberd           |       |       |   212 |    10 |       ||   222
       Trident           |       |       |    96 |    60 |       ||   156
 Fire: Shortbow          |       |       |   109 |   367 |       ||   476
       Arbalest          |       |       |       |    65 |       ||    65
       Longbow           |       |       |       |    57 |       ||    57
Throw: Tomahawk          |     1 |       |       |    10 |       ||    11
       Throwing net      |       |       |     1 |     6 |       ||     7
       Javelin           |       |       |       |     2 |       ||     2
 Cast: Confusing Touch   |       |       |       |     3 |       ||     3
       Blink             |       |       |       |     5 |       ||     5
       Animate Skeleton  |       |       |       |    13 |       ||    13
       Shroud of Golubri |       |       |       |     3 |       ||     3
Evoke: Wand              |       |       |    15 |    10 |       ||    25
       Deck              |       |       |    15 |    54 |       ||    69
  Use: Scroll            |     6 |     5 |    12 |    23 |       ||    46
       Potion            |       |     1 |     5 |     4 |       ||    10
  Eat: Chunk             |     3 |     6 |     9 |    17 |       ||    35
       Ration            |       |       |     1 |     3 |       ||     4
Armor: Leather armour    |    64 |    32 |       |       |       ||    96
       Ring mail         |       |   121 |   279 |   382 |     9 ||   791
Dodge: Dodged            |    83 |   154 |   247 |   337 |    14 ||   835

Table legend:
 A = Spawn XP
 B = Non-spawn XP
 C = Spawn XP percentage of total XP
 D = Spawn monster count
 E = Non-spawn monster count
 F = Spawn count percentage of total count
 G = Total turns spent on level
                    A         B        C        D         E        F      G
               +---------+---------+-------+---------+---------+-------+---------
         Total |       0 |   38964 |   0.0 |       0 |     510 |   0.0 | 18493
               +---------+---------+-------+---------+---------+-------+---------
           D:1 |       0 |      33 |   0.0 |       0 |      15 |   0.0 |  1004
           D:2 |       0 |     125 |   0.0 |       0 |      32 |   0.0 |  1786
           D:3 |       0 |      85 |   0.0 |       0 |      17 |   0.0 |   743
           D:4 |       0 |     795 |   0.0 |       0 |      41 |   0.0 |  1032
           D:5 |       0 |     782 |   0.0 |       0 |      27 |   0.0 |  1195
           D:6 |       0 |    1182 |   0.0 |       0 |      47 |   0.0 |  1428
           D:7 |       0 |    2023 |   0.0 |       0 |      32 |   0.0 |  1269
           D:8 |       0 |    1811 |   0.0 |       0 |      33 |   0.0 |   899
           D:9 |       0 |    2414 |   0.0 |       0 |      47 |   0.0 |  1420
          D:10 |       0 |    3344 |   0.0 |       0 |      32 |   0.0 |  1089
          D:11 |       0 |    5931 |   0.0 |       0 |      64 |   0.0 |  1872
        Lair:1 |       0 |    4278 |   0.0 |       0 |       9 |   0.0 |   839
        Lair:2 |       0 |    4598 |   0.0 |       0 |      18 |   0.0 |   969
        Lair:3 |       0 |    4372 |   0.0 |       0 |      17 |   0.0 |  1113
        Lair:4 |       0 |    2705 |   0.0 |       0 |      12 |   0.0 |   804
        Lair:5 |       0 |     967 |   0.0 |       0 |       3 |   0.0 |    49
         Sewer |       0 |     349 |   0.0 |       0 |      55 |   0.0 |   415
       Volcano |       0 |    3170 |   0.0 |       0 |       9 |   0.0 |   236
               +---------+---------+-------+---------+---------+-------+---------
